 Dungeon Sprint DCSS version 0.23-a0-419-g0174fd8 (webtiles) character file.

600 schets the Fighter (level 7, 0/53 HPs)
             Began as a Gargoyle Berserker on Nov 12, 2018.
             Was a Believer of Trog.
             Slain by Sonja
             ... wielding a +2 dagger of distortion
              (2 damage)
             ... in the Dungeon (Sprint I: "Red Sonja").
             The game lasted 00:01:19 (799 turns).

schets the Fighter (Gargoyle Berserker)              Turns: 799, Time: 00:01:19

Health: 0/53       AC:  8    Str: 22    XL:     7   Next: 41%
Magic:  7/7        EV: 13    Int:  8    God:    Trog [**....]
Gold:   279        SH:  0    Dex:  9    Spells: 6/6 levels left

rFire    . . .     SeeInvis .   a - +0 mace
rCold    . . .     Gourm    .   (no shield)
rNeg     + . .     Faith    .   k - +0 leather armour
rPois    ∞         Spirit   .   (no helmet)
rElec    +         Reflect  .   (no cloak)
rCorr    .         Harm     .   (no gloves)
MR       .....     NoTele   +   (no boots)
Stlth    +.........             (no amulet)
HPRegen  0.17/turn              (no ring)
MPRegen  0.10/turn              (no ring)

@: no status effects
A: negative energy resistance 1, electricity resistance, unbreathing,
petrification resistance, rot immunity, AC +4
a: Berserk, Trog's Hand, Renounce Religion


You were in the Dungeon.
You worshipped Trog.
Trog was pleased with you.
You were not hungry.

You visited 1 branch You collected 305 gold pieces.
You spent 26 gold pieces at shops.

Inventory:

Hand Weapons
 a - a +0 mace (weapon)
Armour
 k - a +0 leather armour (worn)
Scrolls
 b - a scroll of identify
 i - a scroll of blinking
Potions
 d - a potion of curing
 e - a potion of heal wounds
 f - a potion of haste
 g - 2 potions of magic
 h - a potion of berserk rage


   Skills:
 * Level 10.4 Fighting
 * Level 9.8 Maces & Flails
 + Level 7.0 Armour
 + Level 5.2 Dodging


You had 6 spell levels left.
You didn't know any spells.
Your spell library was empty.

Dungeon Overview and Level Annotations

Branches:
Dungeon (1/1)

Altars:
Cheibriados
Dithmenos
Elyvilon
Fedhas
Gozag
Hepliaklqana
Kikubaaqudgha
Makhleb
Nemelex Xobeh
Okawaru
Qazlal
Ru
Sif Muna
Trog
Uskayaw
Vehumet
Wu Jian
Xom
Yredelemnul
Zin
The Shining One
Jiyva
Lugonu

Shops:
D *

Annotations:
D Sonja


Innate Abilities, Weirdness & Mutations

You are resistant to torment.
Your stone body is resilient. (AC +4)
You are immune to poison.
You resist negative energy. (rN+)
You are resistant to electric shocks. (rElec)
You can survive without breathing.
You are immune to petrification.
You are immune to rotting.


Message History

Sonja hits you with a +2 dagger of distortion.
Sonja misses you. Sonja hits you but does no damage.
Space warps horribly around you!
You hit Sonja but do no damage.
Sonja gestures wildly while chanting.
Sonja blinks!
There is an open door, spattered with blood here.
You see here a yak skeleton.
Sonja mumbles some strange words.
Sonja blinks!
You eat the ration.
That ration really hit the spot!
Sonja hits you but does no damage.
Sonja hits you with a +2 dagger of distortion.
Sonja hits you but does no damage.
You feel a strange sense of stasis. Sonja hits you but does no damage.
Space warps horribly around you!
* * * LOW HITPOINT WARNING * * *
Sonja hits you but does no damage. Space bends around you.
* * * LOW HITPOINT WARNING * * *
Sonja hits you with a +2 dagger of distortion.
You die...

###################
#<.#..)..#..'..#__#
#..[..#..').#..'..+
#..#####'#####'#__#
#..####..#...#(####§
#..#__####..##.#§§≈§
#..#_____##'#_.+≈§§
#⌠⌠#_.∩.§@K.((_#
####_..__##_(#'#
#_____###'#)#
#########(### +$.$+
#$.$# ##.## #+#


You could see Sonja.

Vanquished Creatures
  A slime creature (D)
  A yak (D)
  Sigmund (D)
  An ogre (D)
  A jelly (D)
  Ijyb (D)
6 creatures vanquished.

Notes
Turn   | Place    | Note
-------+----------+-------------------------------------------
     0 | D        | schets the Gargoyle Berserker began the quest for the Orb.
     0 | D        | Reached XP level 1. HP: 14/14 MP: 1/1
     1 | D        | Noticed Ijyb
     6 | D        | Killed Ijyb
     6 | D        | Reached skill level 5 in Fighting
     6 | D        | Reached XP level 2. HP: 21/21 MP: 2/2
     6 | D        | Reached XP level 3. HP: 26/26 MP: 3/3
    52 | D        | Noticed an ogre
    57 | D        | Killed an ogre
    57 | D        | Reached skill level 6 in Fighting
    57 | D        | Reached XP level 4. HP: 32/32 MP: 4/4
   215 | D        | Noticed Sigmund
   221 | D        | Killed Sigmund
   221 | D        | Reached ** piety under Trog
   221 | D        | Reached skill level 8 in Fighting
   221 | D        | Reached skill level 5 in Armour
   221 | D        | Reached XP level 5. HP: 40/40 MP: 5/5
   221 | D        | Reached XP level 6. HP: 45/45 MP: 6/6
   379 | D        | Found a burning altar of Makhleb.
   379 | D        | Found a viscous altar of Jiyva.
   379 | D        | Found a shimmering altar of Xom.
   379 | D        | Found a corrupted altar of Lugonu.
   379 | D        | Noticed a slime creature
   386 | D        | Killed a slime creature
   386 | D        | Reached skill level 9 in Fighting
   421 | D        | Found an ornate altar of the Wu Jian Council.
   421 | D        | Found a deep blue altar of Sif Muna.
   423 | D        | Found a radiant altar of Vehumet.
   429 | D        | Reached XP level 7. HP: 32/52 MP: 7/7
   549 | D        | Found Acrounuh's General Store.
   549 | D        | Found an ancient bone altar of Kikubaaqudgha.
   549 | D        | Found a hazy altar of Hepliaklqana.
   549 | D        | Found a stormy altar of Qazlal.
   549 | D        | Found a hide-covered altar of Uskayaw.
   549 | D        | Found a blossoming altar of Fedhas.
   549 | D        | Found a bloodstained altar of Trog.
   549 | D        | Found an iron altar of Okawaru.
   549 | D        | Found a basalt altar of Yredelemnul.
   549 | D        | Found a glowing golden altar of the Shining One.
   549 | D        | Found a snail-covered altar of Cheibriados.
   549 | D        | Found a sacrificial altar of Ru.
   549 | D        | Found a glowing silver altar of Zin.
   549 | D        | Found a shadowy altar of Dithmenos.
   549 | D        | Found a white marble altar of Elyvilon.
   549 | D        | Noticed a yak
   576 | D        | Killed a yak
   576 | D        | Reached skill level 10 in Fighting
   576 | D        | Reached skill level 5 in Dodging
   577 | D        | Found an opulent altar of Gozag.
   578 | D        | Found a sparkling altar of Nemelex Xobeh.
   750 | D        | Bought a scroll of identify for 26 gold pieces
   781 | D        | Noticed Sonja
   799 | D        | HP: 2/53 [Sonja/+2 dagger of distortion (6)]
   799 | D        | Slain by Sonja

Vault maps used:
D:        dungeon_sprint_1

Skill      XL: |  1  2  3  4  5  6  7 |
---------------+----------------------+-----
Fighting       | 5 6 8 9 10 | 10.4
Maces & Flails | 4 6 7 9 |  9.8
Armour         | 3 4 5 6 7 |  7.0
Dodging        | 2 3 4 5 |  5.2

Action                   |  1- 3 |  4- 6 |  7- 9 || total
-------------------------+-------+-------+-------++-------
Melee: Mace              |     8 |    15 |    32 ||    55
Invok: Berserk           |     2 |     2 |       ||     4
  Eat: Chunk             |       |     1 |     1 ||     2
       Ration            |       |       |     1 ||     1
Armor: Leather armour    |       |     3 |     9 ||    12
Dodge: Dodged            |     4 |     6 |    22 ||    32

Table legend:
 A = Non-vault XP
 B = Vault XP
 C = Vault XP percentage of total XP
 D = Non-vault monster count
 E = Vault monster count
 F = Vault count percentage of total count
                 A         B        C        D         E       F
            +---------+---------+-------+---------+---------+-------
      Total |       0 |     858 | 100.0 |       0 |       6 | 100.0
            +---------+---------+-------+---------+---------+-------
          D |       0 |     858 | 100.0 |       0 |       6 | 100.0
            +---------+---------+-------+---------+---------+-------
